 Dungeon Crawl Stone Soup version 0.32-a0-909-gc671339a80 (webtiles) character file.

Game seed: 10203459897732278474

1985022 SuperProcrastinator the Sorcerer (level 27, 240/240 HPs)
             Began as a Gnoll Fire Elementalist on Apr 6, 2024.
             Was the Champion of Ashenzari.
             Escaped with the Orb
             ... and 4 runes!
             The game lasted 04:45:39 (97688 turns).

SuperProcrastinator the Sorcerer (GnFE)            Turns: 97688, Time: 04:45:40

Health: 240/240    AC: 26    Str: 12    XL:     27
Magic:  63/63      EV: 35    Int: 22    God:    Ashenzari [******]
Gold:   5833       SH: 34    Dex: 22    Spells: 3/80 levels left

rFire   + + .        X - +5 falchion "Eternal With Me" {freeze, rF+ rC+ Will+ Dex+3, Self, Elem} (curse)
rCold   + + .        U - +7 tower shield "Oracle of Ashenzari" {rC+, Self, Elem} (curse)
rNeg    + + .        l - +0 troll leather armour of Apeoromancy {rN++ Regen+, Cun, Elem} (curse)
rPois   .            V - +2 helmet of Ashenzari's Seeker {Sorc, Elem} (curse)
rElec   .            d - +2 cloak of the Bound Seeker {Fly Int+6, Elem, Sorc} (curse)
rCorr   .            A - +2 pair of gloves "Tethered Fortune-Teller" {Self, Fort} (curse)
SInv    +            O - +2 pair of boots of Curses and Power {Comp, Elem} (curse)
Will    ++++.        F - amulet of Ashenzari's Pleiades {Regen+, Cun, Elem} (curse)
Stlth   ++++         f - ring of the Circumscribed Loss {rF+ Will+ EV+5, Bglg, Elem} (curse)
HPRegen 2.20/turn    P - ring of Curses and Power {MP+9, Elem, Bglg} (curse)
MPRegen 0.38/turn

%: clarity
@: flying, studying 4 skills
A: fangs 1, strong nose, distributed training, iridescent scales 2, camouflage
1, agile 1, dopey 2
0: Orb of Zot
}: 4/15 runes: decaying, serpentine, slimy, silver
a: Renounce Religion, Shatter the Chains


You escaped.
You worshipped Ashenzari.
Ashenzari was exalted by your worship.
You visited 11 branches of the dungeon, and saw 53 of its levels.
You visited 1 bazaar.
You also visited: Bailey, Ice Cave, Wizlab and Desolation.

You collected 10243 gold pieces.
You spent 4410 gold pieces at shops.

Inventory:

Hand Weapons
 X - the cursed +5 falchion "Eternal With Me" (weapon) {freeze, rF+ rC+ Will+ Dex+3, Self, Elem}
   (You bought it in a shop on level 2 of the Orcish Mines)

   Dex+3:     It affects your dexterity (+3).
   rF+:       It protects you from fire.
   rC+:       It protects you from cold.
   Will+:     It increases your willpower.
   It has a curse which improves the following skills: Introspection: Fighting
   and Spellcasting.
   Elements:  Fire Magic, Ice Magic, Air Magic and Earth Magic.
Missiles
 s - 2 throwing nets
Armour
 d - the cursed +2 cloak of the Bound Seeker (worn) {Fly Int+6, Elem, Sorc}
   (You acquired it on level 3 of the Elven Halls)

   Int+6:     It affects your intelligence (+6).
   Fly:       It grants you flight.
   It has a curse which improves the following skills: Elements: Fire Magic, Ice
   Magic, Air Magic and Earth Magic.
   Sorcery:   Conjurations and Alchemy.
 l - the cursed +0 troll leather armour of Apeoromancy (worn) {rN++ Regen+, Cun, Elem}
   (You found it on level 5 of the Vaults)

   rN++:      It greatly protects you from negative energy.
   Regen+:    It increases your rate of health regeneration.
   It has a curse which improves the following skills: Cunning: Dodging and
   Stealth.
   Elements:  Fire Magic, Ice Magic, Air Magic and Earth Magic.
 x - the +5 moon troll leather armour {Spirit, Regen++ MP+5}
   (You took it off a moon troll in a wizard's laboratory)

   MP+5:      It affects your magic capacity (+5).
   Regen++:   It increases your rate of health regeneration.
 A - the cursed +2 pair of gloves "Tethered Fortune-Teller" (worn) {Self, Fort}
   (You found it on level 4 of the Dungeon)

   It has a curse which improves the following skills: Introspection: Fighting
   and Spellcasting.
   Fortitude: Armour and Shields.
 O - the cursed +2 pair of boots of Curses and Power (worn) {Comp, Elem}
   (You found it in an ice cave)

   It has a curse which improves the following skills: Companions: Summonings
   and Necromancy.
   Elements:  Fire Magic, Ice Magic, Air Magic and Earth Magic.
 U - the cursed +7 tower shield "Oracle of Ashenzari" (worn) {rC+, Self, Elem}
   (You found it on level 4 of the Vaults)

   rC+:       It protects you from cold.
   It has a curse which improves the following skills: Introspection: Fighting
   and Spellcasting.
   Elements:  Fire Magic, Ice Magic, Air Magic and Earth Magic.
 V - the cursed +2 helmet of Ashenzari's Seeker (worn) {Sorc, Elem}
   (You bought it in a shop on level 5 of the Dungeon)

   It has a curse which improves the following skills: Sorcery: Conjurations and
   Alchemy.
   Elements:  Fire Magic, Ice Magic, Air Magic and Earth Magic.
Jewellery
 f - the cursed ring of the Circumscribed Loss (left hand) {rF+ Will+ EV+5, Bglg, Elem}
   (You found it on level 4 of the Swamp)

   [ring of evasion]

   EV+5:      It affects your evasion (+5).
   rF+:       It protects you from fire.
   Will+:     It increases your willpower.
   It has a curse which improves the following skills: Beguiling: Hexes and
   Translocations.
   Elements:  Fire Magic, Ice Magic, Air Magic and Earth Magic.
 F - the cursed amulet of Ashenzari's Pleiades (around neck) {Regen+, Cun, Elem}
   (You found it on level 6 of the Dungeon)

   [amulet of regeneration]

   Regen+:    It increases your rate of health regeneration.
   It has a curse which improves the following skills: Cunning: Dodging and
   Stealth.
   Elements:  Fire Magic, Ice Magic, Air Magic and Earth Magic.
 M - the ring of Voremunius {rF+ rN+ Int+2 Slay+2}
   (You found it on level 3 of the Realm of Zot)

   [ring of protection from fire]

   Int+2:     It affects your intelligence (+2).
   Slay+2:    It affects your accuracy & damage with ranged weapons and melee
   (+2).
   rF+:       It protects you from fire.
   rN+:       It protects you from negative energy.
 P - the cursed ring of Curses and Power (right hand) {MP+9, Elem, Bglg}
   (You found it on level 2 of the Lair of Beasts)

   [ring of magical power]

   MP+9:      It affects your magic capacity (+9).
   It has a curse which improves the following skills: Elements: Fire Magic, Ice
   Magic, Air Magic and Earth Magic.
   Beguiling: Hexes and Translocations.
 S - the ring of Ascent {rPois rC+ rN++ Str-5 Stlth+}
   (You found it on level 2 of the Lair of Beasts)

   [ring of protection from cold]

   Str-5:     It affects your strength (-5).
   rC+:       It protects you from cold.
   rPois:     It protects you from poison.
   rN++:      It greatly protects you from negative energy.
   Stlth+:    It makes you more stealthy.
Wands
 t - a wand of paralysis (31)
 u - a wand of flame (94)
 J - a wand of iceblast (46)
 K - a wand of digging (44)
 N - a wand of polymorph (38)
 Q - a wand of mindburst (45)
 Y - a wand of acid (34)
Scrolls
 a - 8 scrolls of fear
 i - 5 scrolls of enchant armour
 k - 7 scrolls of vulnerability
 m - a scroll of blinking
 r - 15 scrolls of teleportation
 v - 7 scrolls of revelation
 w - 5 scrolls of silence
 B - 9 scrolls of fog
 C - 7 scrolls of noise
 D - 3 scrolls of summoning
 E - 6 scrolls of amnesia
 G - 4 scrolls of torment
 L - 9 scrolls of poison
Potions
 b - 9 potions of magic
 c - a potion of resistance
 e - 4 potions of enlightenment
 g - 30 potions of curing
 h - 5 potions of berserk rage
 j - 5 potions of ambrosia
 n - 7 potions of cancellation
 o - 7 potions of attraction
 p - 2 potions of heal wounds
 q - 11 potions of mutation
 z - 8 potions of lignification
 I - 5 potions of brilliance
 W - 10 potions of might
 Z - 5 potions of invisibility
Miscellaneous
 y - a phantom mirror
 R - a condenser vane
 T - a Gell's gravitambourine (inert)


   Skills:
 + Level 20.1(24.5) Fighting
 + Level 20.1 Short Blades
 + Level 20.1 Long Blades
 + Level 20.1 Axes
 + Level 20.1 Maces & Flails
 + Level 20.1 Polearms
 + Level 20.1 Staves
 + Level 20.1 Ranged Weapons
 + Level 20.1 Throwing
 + Level 21.6(23.7) Armour
 + Level 20.6(23.8) Dodging
 + Level 20.5(23.8) Stealth
 + Level 24.6(26.6) Shields
 + Level 20.1 Unarmed Combat
 + Level 25.2(27) Spellcasting
 + Level 17.3(20.7) Conjurations
 + Level 17.2(20.6) Hexes
 + Level 17.2(19.5) Summonings
 + Level 18.1(20.3) Necromancy
 + Level 17.2(20.6) Translocations
 + Level 18.0(27) Fire Magic
 + Level 17.2(27) Ice Magic
 + Level 17.2(27) Air Magic
 + Level 17.2(27) Earth Magic
 + Level 17.2(20.6) Alchemy
 + Level 21.8 Invocations
 + Level 20.1 Evocations
 + Level 18.6 Shapeshifting


You had 3 spell levels left.
You knew the following spells:

 Your Spells              Type           Power      Damage    Failure   Level
a - Foxfire               Conj/Fire      100%       2x1d9     0%          1
b - Scorch                Fire           100%       2d9       0%          2
c - Tukima's Dance        Hex            88%        N/A       0%          3
d - Shatter               Erth           49%        3d38*     1%          9
e - Olgreb's Toxic Radia  Alch           88%        N/A       0%          4
f - Fireball              Conj/Fire      47%        3d19      0%          5
g - Yara's Violent Unrav  Hex/Alch       44%        3d17      0%          5
h - Iskenderun's Mystic   Conj/Tloc      88%        2d17      (+2d90%     4
i - Plasma Beam           Fire/Air       49%        2x1d64    0%          6
j - Ignition              Fire           49%        3d14      1%          8
k - Maxwell's Capacitive  Air            49%        ∞         1%          8
l - Spellforged Servitor  Conj/Summ      43%        N/A       1%          7
m - Bombard               Conj/Erth      47%        9d8       0%          6
n - Fire Storm            Conj/Fire      47%        8d12      7%          9

Your spell library contained the following spells:

 Spells                   Type           Power      Damage    Failure   Level
 Apportation              Tloc           100%       N/A       0%          1
 Kiss of Death            Conj/Necr      100%       2d13      0%          1
 Magic Dart               Conj           100%       1d8       0%          1
 Necrotise                Necr           100%       1d9       0%          1
 Slow                     Hex            100%       N/A       0%          1
 Sting                    Conj/Alch      100%       1d9       0%          1
 Summon Small Mammal      Summ           100%       N/A       0%          1
 Cigotuvi's Dreadful Rot  Necr/Alch/Air  100%       N/A       0%          2
 Ensorcelled Hibernation  Hex/Ice        100%       N/A       0%          2
 Jinxbite                 Hex            100%       N/A       0%          2
 Lesser Beckoning         Tloc           100%       N/A       0%          2
 Mercury Vapours          Alch/Air       100%       N/A       0%          2
 Searing Ray              Conj           100%       2d8       0%          2
 Sublimation of Blood     Necr           88%        N/A       0%          2
 Call Canine Familiar     Summ           86%        N/A       0%          3
 Confusing Touch          Hex            88%        N/A       0%          3
 Dazzling Flash           Conj/Hex       100%       N/A       0%          3
 Hailstorm                Conj/Ice       94%        3d15      0%          3
 Inner Flame              Hex/Fire       94%        N/A       0%          3
 Maxwell's Portable Pile  Tloc           88%        2d(14-40) 0%          3
 Passwall                 Erth           99%        N/A       0%          3
 Summon Ice Beast         Ice/Summ       93%        N/A       0%          3
 Swiftness                Air            99%        N/A       0%          3
 Teleport Other           Tloc           88%        N/A       0%          3
 Vampiric Draining        Necr           88%        2d12      0%          3
 Volatile Blastmotes      Fire/Tloc      100%       2d18      0%          3
 Animate Armour           Summ/Erth      100%       N/A       0%          4
 Animate Dead             Necr           88%        N/A       0%          4
 Brom's Barrelling Bould  Conj/Erth      94%        2d10      0%          4
 Cause Fear               Hex            44%        N/A       0%          4
 Dimensional Bullseye     Hex/Tloc       44%        N/A       0%          4
 Dispel Undead            Necr           88%        3d28      0%          4
 Flame Wave               Conj/Fire      94%        2d20      0%          4
 Fulminant Prism          Conj/Alch      44%        3d19      0%          4
 Ignite Poison            Fire/Alch      94%        N/A       0%          4
 Leda's Liquefaction      Alch/Erth      47%        N/A       0%          4
 Martyr's Knell           Necr/Summ      87%        N/A       0%          4
 Passage of Golubria      Tloc           88%        N/A       0%          4
 Petrify                  Alch/Erth      94%        N/A       0%          4
 Sticky Flame             Fire/Alch      94%        2d14      0%          4
 Summon Blazeheart Golem  Fire/Summ      93%        N/A       0%          4
 Summon Lightning Spire   Summ/Air       93%        N/A       0%          4
 Vhi's Electric Charge    Tloc/Air       100%       N/A       0%          4
 Alistair's Intoxication  Alch           58%        N/A       0%          5
 Arcjolt                  Conj/Air       47%        1d57      0%          5
 Borgnjor's Vile Clutch   Necr/Erth      46%        N/A       0%          5
 Freezing Cloud           Conj/Ice/Air   48%        6-21      0%          5
 Irradiate                Conj/Alch      44%        3d26      0%          5
 Iskenderun's Battlesphe  Conj           88%        2d14      0%          5
 Lee's Rapid Deconstruct  Erth           49%        3d23*     0%          5
 Metabolic Englaciation   Hex/Ice        47%        N/A       0%          5
 Summon Forest            Summ/Tloc      43%        N/A       0%          5
 Summon Mana Viper        Hex/Summ       87%        N/A       0%          5
 Conjure Ball Lightning   Conj/Air       47%        3x3d16    0%          6
 Permafrost Eruption      Ice/Erth       49%        2x4d11    0%          6
 Sculpt Simulacrum        Ice/Alch       47%        N/A       0%          6
 Starburst                Conj/Fire      47%        6d13      0%          6
 Dispersal                Tloc           44%        N/A       1%          6
 Eringya's Noxious Bog    Alch           44%        4d6       1%          6
 Gell's Gavotte           Tloc           44%        2d(31-46) 1%          6
 Summon Cactus Giant      Summ           43%        N/A       1%          6
 Haunt                    Necr/Summ      43%        N/A       1%          7
 Malign Gateway           Summ/Tloc      43%        N/A       1%          7
 Monstrous Menagerie      Summ           43%        N/A       1%          7
 Orb of Destruction       Conj           44%        9d12      1%          7
 Borgnjor's Revivificati  Necr           44%        N/A       1%          8
 Discord                  Hex            44%        N/A       1%          8
 Infestation              Necr           44%        N/A       1%          8
 Lehudib's Crystal Spear  Conj/Erth      47%        10d11     1%          8
 Death's Door             Necr           44%        N/A       30%         9
 Dragon's Call            Summ           43%        N/A       38%         9


Dungeon Overview and Level Annotations

Branches:
Dungeon (15/15)            Temple (1/1) D:4            Lair (5/5) D:8
  Swamp (4/4) Lair:2        Snake (4/4) Lair:3        Slime (5/5) Lair:4
    Orc (2/2) D:9             Elf (3/3) Orc:2        Vaults (5/5) D:13
  Crypt (0/3) Vaults:3     Depths (4/4) D:15            Zot (5/5) Depths:4
 Bailey (visited)           IceCv (visited)          WizLab (visited)
Desolation (visited)

Altars:
Ashenzari
Cheibriados
Dithmenos
Elyvilon
Fedhas
Gozag
Hepliaklqana
Kikubaaqudgha
Makhleb
Nemelex Xobeh
Okawaru
Qazlal
Ru
Sif Muna
Trog
Uskayaw
Vehumet
Wu Jian
Xom
Yredelemnul
Zin
The Shining One
Beogh
Jiyva

Shops:
D:5 [(*:(   D:6 =   D:9 *   Orc:1 ([   Orc:2 (:*((   Elf:1 ?   Snake:2 *
Snake:4 [[   Vaults:3 [   Vaults:4 =   Depths:4 ::=

Portals:
Hell: Depths:1 Depths:2 Depths:3 Depths:4
Abyss: Depths:1 Depths:2 Depths:3 Depths:4
Pandemonium: Depths:2
Ziggurat: Depths:4

Annotations:
D:15 Roxanne
Lair:5 exclusion: obsidian statue
Swamp:4 Mara


Innate Abilities, Weirdness & Mutations

You have very sharp teeth.
Your uncanny sense of smell can sniff out nearby items.
Your experience applies equally to all skills.
You are mostly covered in iridescent scales. (AC +4)
Your skin changes colour to match your surroundings (Stealth+).
You are agile. (Dex +4, Str/Int -1)
You are very dopey. (Int -4)


Message History

You feel yourself slow down.
HP restored.
Things that are here:
+0 steam dragon scales; a steam dragon skeleton
There is a stone staircase leading up, spattered with blood here.
Things that are here:
a +0 whip; a gnoll skeleton You fly upwards.
There is a stone staircase leading down, spattered with blood here.
There is a stone staircase leading up here.
You fly upwards.
There is a stone staircase leading down here.
Things that are here:
a ball python skeleton; a jackal skeleton You feel a little less clever now.
There is an open door here.
There is a stone staircase leading up, spattered with blood here.
You fly upwards.
There is a stone staircase leading down, spattered with blood here.
You see here a frilled lizard skeleton.
There is a stone staircase leading up here.
You fly upwards.
There is a stone staircase leading down here.
There is a stone staircase leading up here.
You fly upwards.
There is a stone staircase leading down here.
What level of the Dungeon? (default 1, ? - help)
Okay, then.
Unknown command.
You see here a +0 club.
There is an open door here.
You start resting.
You sense a monster nearby.
You start resting.
You sense a monster nearby.
You start resting.
The golden eye turns its gaze towards you. x4
Magic restored.
There is a staircase leading out of the dungeon here.
You have escaped!

#.#'## #....#.##.#
#.#.###############.#.##.#
#.###~~~~~~~~~## #{#.##.#
#.##~~~~~~~~~~~# #.#.##.#
#.##~~~#~~☼~#~~####.#.##.#
#.##~~§~~~~~~~~#.##.#.##.#
#..#~☼~~~~~÷~~~#.÷..#.##.#
##.#############.####.##.#
#..'....@....'..# #.##.#
###############.# #.##.#
#~~~~~{G○G~~#.# #.##.#
#~~~~~{~G~~~#.# #....#
#~~~#~~☼~#~~#.#########
#~~°~~~~§~~~#......#.#
##÷~~~~~~~~#######.#.##
########### ####.#...
#....#.##


You could see a golden eye.

Vanquished Creatures
  the Royal Jelly (Slime:5)
  A pandemonium lord (D:7)
  4 dread liches
  4 ancient liches
  9 orbs of fire
  2 juggernauts (Depths:3)
  The ghost of Zistueme the Hoplite, a veteran MiBe of Trog (Zot:3)
  The ghost of Qunuun the Slayer, a legendary DsFi of Qazlal (Zot:3)
  The ghost of Haqulin the Opulent, a master GnRe of Gozag (Zot:3)
  Vv (Zot:1)
  2 Killer Klowns (Zot:5)
  Saint Roka (Vaults:5)
  Vashnia (Snake:4)
  2 curse toes
  9 golden dragons
  A caustic shrike (Depths:2)
  Jory (Vaults:5)
  2 bone dragons
  4 electric golems
  2 doom hounds (Depths:2)
  Zenata (Vaults:1)
  A hellephant (Zot:3)
  15 tentacled monstrosities
  Rupert (D:13)
  A walking earthen tome (Depths:4)
  27 Orb Guardians
  Jorgrun (Elf:2)
  A moon troll (WizLab)
  5 liches
  Asterion (Snake:4)
  2 walking frostbound tomes
  22 acid blobs
  5 deep elf blademasters
  8 quicksilver dragons
  Grunn (Depths:2)
  9 sphinxes
  A deep elf master archer (Elf:3)
  5 titans
  9 tentacled starspawn (WizLab)
  An Executioner (D:14)
  10 death cobs
  2 thorn hunters (Swamp:4)
  15 shadow dragons
  7 tengu reavers
  18 storm dragons
  9 azure jellies
  18 frost giants
  14 rockslimes
  A fenstrider witch (Swamp:4)
  2 protean progenitors
  8 draconian monks
  2 nagarajas
  Louise (Swamp:1)
  Aizul (Snake:2)
  3 draconian knights
  3 draconian shifters
  7 deep elf sorcerers
  4 fire giants
  7 draconian scorchers
  2 imperial myrmidons (Desolation)
  An iron dragon (Depths:3)
  A balrug (D:14)
  3 ghost moths
  15 vault wardens
  A caustic shrike zombie (Depths:1)
  4 draconian stormcallers
  5 deep elf elementalists (Elf:3)
  2 orc warlords
  A juggernaut zombie (Depths:1)
  2 draconian annihilators
  A reaper (IceCv)
  7 formless jellyfish
  18 ironbound preservers
  13 quicksilver oozes
  16 very ugly things
  5 cacodemons
  9 deep elf demonologists
  25 stone giants
  Nessos (D:14)
  13 ironbound thunderhulks
  4 vampire knights
  9 green draconians
  8 black draconians
  7 deep elf death magi
  4 eleionomae
  16 purple draconians
  2 halazid warlocks (Desolation)
  11 white draconians
  6 dire elephants
  10 deep elf annihilators
  19 yellow draconians
  A war gargoyle (Vaults:5)
  12 red draconians
  A blizzard demon (D:10)
  8 spark wasps
  An eidolon (Vaults:3)
  A merfolk impaler (Depths:4)
  A merfolk javelineer (Depths:2)
  7 crystal guardians
  11 ettins
  13 fire dragons
  A jiangshi (Vaults:3)
  11 yaktaur captains
  8 ragged hierophants (Desolation)
  3 shambling mangroves
  Harold (Orc:1)
  9 rakshasas
  9 great orbs of eyes
  5 deep elf high priests
  9 ice dragons
  31 vault guards
  5 salamander tyrants
  11 peacekeepers (Desolation)
  6 spriggan air magi
  4 hell beasts
  7 servants of whispers (Desolation)
  21 hydras
  16 centaur warriors
  14 alligators
  A ghost crab (Swamp:1)
  2 catoblepae
  16 anacondas
  A death yak (Lair:5)
  30 dancing weapons
  17 ironbound frosthearts
  4 boulder beetles
  A satyr (Zot:1)
  A two-headed ogre (D:13)
  5 deep troll shamans
  8 occultists
  6 tengu warriors
  6 deep troll earth magi
  9 naga sharpshooters
  11 naga warriors
  Urug (D:13)
  5 orc high priests
  5 spriggan berserkers
  Sonja (Lair:4)
  4 sun demons
  12 hell knights
  22 deep elf knights
  8 shock serpents
  2 skysharks (Lair:4)
  4 salamander mystics
  2 iron trolls
  A soul eater (D:13)
  A shadow wraith (Vaults:5)
  7 sixfirhies
  A fire crab (shapeshifter) (Vaults:4)
  A spectral death yak (Lair:5)
  9 deep elf archers
  3 sea snakes
  A glowing orange brain (shapeshifter) (Vaults:5)
  6 skeletal warriors
  2 spark wasp zombies (Depths:1)
  A spectral anaconda (Lair:5)
  9 large abominations
  3 goliath frogs
  2 spriggan druids
  3 orange crystal statues
  7 mana vipers
  10 bog bodies
  12 glowing orange brains
  66 deep trolls
  6 arcanists
  14 swamp dragons
  6 flayed ghosts
  2 steelbarb worms (Zot:4)
  An obsidian statue (Zot:1)
  9 naga ritualists
  A deep troll (shapeshifter) (Depths:2)
  Pikel (D:3)
  8 starcursed masses (WizLab)
  A lightning spire (Zot:1)
  6 phantasmal warriors (Vaults:5)
  8 lindwurms
  26 deep elf zephyrmancers
  10 orc knights
  26 deep elf pyromancers
  23 ironbound convokers
  10 necromancers
  A stone giant zombie (Depths:1)
  3 will-o-the-wisps
  10 shining eyes
  A wolf spider (shapeshifter) (Vaults:5)
  4 oklob plants (Zot:1)
  4 manticores
  27 ugly things
  A frost giant zombie (Depths:1)
  21 moths of wrath
  5 cyclopes (D:14)
  7 orc sorcerers
  17 salamanders
  A dire elephant zombie (Lair:5)
  6 elephants (Lair:5)
  A black mamba (shapeshifter) (Depths:3)
  5 kobold blastminers
  A fire giant skeleton (Depths:1)
  An ice statue (IceCv)
  2 rust devils (D:13)
  Joseph (D:10)
  42 black mambas
  5 eyes of devastation
  3 smoke demons (D:13)
  9 guardian serpents
  3 torpor snails (Lair:2)
  18 naga magi
  21 vault sentinels
  11 cane toads
  3 molten gargoyles (Desolation)
  A hellion (Zot:3)
  2 gargoyles
  3 unseen horrors
  2 centaur skeletons (D:15)
  7 orange demons
  A kobold demonologist (D:13)
  7 komodo dragons
  4 tengu conjurers
  18 yaktaurs
  7 freezing wraiths
  3 rime drakes
  An efreet (D:12)
  2 ice devils
  A bloated husk (Swamp:2)
  4 anaconda simulacra (IceCv)
  5 trolls
  5 polar bears
  9 tyrant leeches
  2 red devils (D:13)
  4 hellwings
  A nameless horror (Vaults:2)
  71 saltlings (Desolation)
  19 hornets
  23 blink frogs
  A meliai zombie (D:15)
  4 dream sheep (Lair:5)
  A raiju (shapeshifter) (D:14)
  108 slime creatures
  5 glass eyes
  2 centaur simulacra (D:15)
  A vampire (D:14)
  10 spriggans
  5 water elementals
  3 wraiths
  15 humans (D:13)
  3 small abominations (Depths:3)
  5 wyverns
  A ynoxinul (Zot:3)
  5 wargs
  64 yaks
  8 golden eyes
  5 basilisks
  4 neqoxecs
  3 fire elementals
  3 steam dragons
  15 swamp worms
  2 redbacks (Vaults:5)
  9 chaos spawn
  6 death yak simulacra
  44 nagas
  2 vampire mosquitoes (D:13)
  4 acid dragons
  3 harpy simulacra (IceCv)
  10 water moccasins
  Duvessa (D:4)
  5 swamp drakes
  A sky beast (D:7)
  33 orc warriors
  5 black bears
  3 elephant zombies (Lair:5)
  6 ice beasts
  19 wolves
  3 laughing skulls
  3 ogres
  5 boggarts (D:15)
  A tengu (shapeshifter) (D:15)
  7 centaurs
  4 elephant skeletons (Lair:5)
  2 lemures (D:3)
  3 kobold brigands (D:13)
  8 bullfrogs
  A gnoll sergeant (D:7)
  An earth elemental (Elf:1)
  3 scorpions
  6 cane toad simulacra
  5 two-headed ogre simulacra (IceCv)
  Dowan (D:4)
  6 killer bees (D:11)
  12 electric eels
  3 elephant simulacra
  6 howler monkeys
  3 bombardier beetles
  A hound (D:6)
  3 lava snakes (D:14)
  5 jellies
  2 gnoll boudas
  Crazy Yiuf (D:7)
  31 orc priests
  2 sleepcaps
  5 iguanas
  38 orc wizards
  A boggart zombie (D:15)
  2 polar bear simulacra (IceCv)
  4 troll simulacra (IceCv)
  9 spriggan simulacra (IceCv)
  A wolf simulacrum (IceCv)
  5 adders
  17 gnolls
  6 naga simulacra (IceCv)
  A shadow imp (D:7)
  12 white imps
  10 ufetubi
  A dart slug (D:4)
  2 ribbon worms
  75 orcs
  9 ball pythons
  4 bats
  14 endoplasms
  A giant cockroach (D:2)
  14 goblins
  6 hobgoblins
  7 jackals
  5 quokkas
  2 frilled lizards
  16 kobolds
  9 rats
  An aspiring flesh (Zot:1)
  8 starspawn tentacles (WizLab)
2527 creatures vanquished.

Vanquished Creatures (collateral kills)
  A white draconian (Zot:5)
  A deep elf annihilator (Vaults:5)
  An ettin (Vaults:5)
  A naga sharpshooter (Snake:4)
  3 salamander mystics (Snake:4)
  A naga ritualist (Snake:4)
  A lindwurm (Vaults:1)
  A deep elf pyromancer (Elf:1)
  5 naga magi
  A slime creature (Vaults:1)
  7 nagas
  A centaur (D:13)
  3 wights (D:8)
  2 foxfires
29 creatures vanquished.

Vanquished Creatures (others)
  A hydra (D:12)
  11 dancing weapons
  An ugly thing (Vaults:4)
  A bloated husk (Swamp:1)
  A human (D:13)
  An orc (D:7)
  23 fire vortices
  389 foxfires
  15 starspawn tentacles (WizLab)
443 creatures vanquished.

Grand Total: 2999 creatures vanquished

Notes
Turn   | Place    | Note
-------+----------+-------------------------------------------
     0 | D:1      | SuperProcrastinator the Gnoll Fire Elementalist began the
                  | quest for the Orb.
     0 | D:1      | Reached XP level 1. HP: 13/13 MP: 6/6
   203 | D:1      | Reached XP level 2. HP: 19/19 MP: 4/7
   233 | D:1      | Learned a level 2 spell: Scorch
   796 | D:1      | Reached skill level 5 in Spellcasting
   796 | D:1      | Reached XP level 3. HP: 22/25 MP: 4/9
   934 | D:2      | Identified the +1 robe "Faproty" {Dex+4}
  1094 | D:2      | Reached skill level 1 in Invocations
  1576 | D:2      | Reached skill level 1 in Fighting
  1576 | D:2      | Reached skill level 1 in Short Blades
  1576 | D:2      | Reached skill level 1 in Long Blades
  1576 | D:2      | Reached skill level 1 in Axes
  1576 | D:2      | Reached skill level 1 in Maces & Flails
  1576 | D:2      | Reached skill level 1 in Polearms
  1576 | D:2      | Reached skill level 1 in Staves
  1576 | D:2      | Reached skill level 1 in Ranged Weapons
  1576 | D:2      | Reached skill level 1 in Throwing
  1576 | D:2      | Reached skill level 1 in Armour
  1576 | D:2      | Reached skill level 1 in Shields
  1576 | D:2      | Reached skill level 1 in Unarmed Combat
  1576 | D:2      | Reached skill level 1 in Evocations
  1715 | D:2      | Found a faded altar of an unknown god.
  1995 | D:3      | Reached skill level 1 in Shapeshifting
  1995 | D:3      | Reached XP level 4. HP: 32/32 MP: 11/11
  2046 | D:3      | Found a shimmering altar of Xom.
  2187 | D:4      | Reached skill level 1 in Hexes
  2187 | D:4      | Reached skill level 1 in Summonings
  2187 | D:4      | Reached skill level 1 in Necromancy
  2187 | D:4      | Reached skill level 1 in Translocations
  2187 | D:4      | Reached skill level 1 in Ice Magic
  2187 | D:4      | Reached skill level 1 in Air Magic
  2187 | D:4      | Reached skill level 1 in Earth Magic
  2187 | D:4      | Reached skill level 1 in Alchemy
  2346 | D:4      | Found a staircase to the Ecumenical Temple.
  2356 | Temple   | Entered the Ecumenical Temple
  2411 | Temple   | Became a worshipper of Ashenzari the Shackled
  2503 | D:4      | Noticed a black bear
  2518 | D:4      | Killed a black bear
  2519 | D:4      | Reached XP level 5. HP: 34/38 MP: 9/12
  2711 | D:4      | Noticed Duvessa
  2711 | D:4      | Noticed Dowan
  2711 | D:4      | Noticed a lemure
  2739 | D:4      | Killed Duvessa
  2740 | D:4      | Reached skill level 5 in Dodging
  2740 | D:4      | Reached XP level 6. HP: 44/44 MP: 0/14
  2869 | D:4      | Killed Dowan
  3734 | D:4      | Noticed Pikel
  3929 | D:3      | Killed Pikel
  3930 | D:3      | Reached skill level 5 in Stealth
  3930 | D:3      | Reached XP level 7. HP: 26/51 MP: 7/15
  4220 | D:5      | Entered Level 5 of the Dungeon
  4220 | D:5      | Found Quedoulop's Book Shop.
  4231 | D:5      | Learned a level 3 spell: Tukima's Dance
  4235 | D:5      | Learned a level 3 spell: Vampiric Draining
  4244 | D:5      | Reached XP level 8. HP: 58/58 MP: 13/16
  4384 | D:5      | Found Bupahecu's Antique Weapon Shop.
  4399 | D:5      | Found a transporter.
  4503 | D:5      | Found Aroddeo's Antique Armour Boutique.
  4528 | D:5      | Reached skill level 6 in Spellcasting
  4706 | D:5      | Found a hazy altar of Hepliaklqana.
  4848 | D:5      | Found Unwih's Antique Weapon Emporium.
  4997 | D:5      | Found an iron altar of Okawaru.
  5079 | D:5      | Found a transporter.
  5081 | D:5      | Found Vadez's Assorted Antiques.
  5444 | D:6      | Reached XP level 9. HP: 49/65 MP: 5/18
  6450 | D:6      | Found Axtebb's Jewellery Shoppe.
  6666 | D:7      | Found a radiant altar of Vehumet.
  6726 | D:7      | Reached skill level 5 in Invocations
  6748 | D:7      | Reached skill level 7 in Spellcasting
  7119 | D:7      | Reached skill level 5 in Fighting
  7119 | D:7      | Reached skill level 5 in Short Blades
  7119 | D:7      | Reached skill level 5 in Long Blades
  7119 | D:7      | Reached skill level 5 in Axes
  7119 | D:7      | Reached skill level 5 in Maces & Flails
  7119 | D:7      | Reached skill level 5 in Polearms
  7119 | D:7      | Reached skill level 5 in Staves
  7119 | D:7      | Reached skill level 5 in Ranged Weapons
  7119 | D:7      | Reached skill level 5 in Throwing
  7119 | D:7      | Reached skill level 5 in Armour
  7119 | D:7      | Reached skill level 5 in Shields
  7119 | D:7      | Reached skill level 5 in Unarmed Combat
  7119 | D:7      | Reached skill level 5 in Evocations
  7119 | D:7      | Reached XP level 10. HP: 74/74 MP: 2/21
  7256 | D:7      | Found an opulent altar of Gozag.
  7792 | D:7      | Found a runed translucent door.
  7793 | D:7      | Noticed Crazy Yiuf
  8023 | D:7      | Killed Crazy Yiuf
  8531 | D:7      | Reached skill level 5 in Conjurations
  8910 | D:8      | Found a staircase to the Lair.
  8923 | D:8      | Reached skill level 5 in Shapeshifting
  9413 | Lair:1   | Entered Level 1 of the Lair of Beasts
  9413 | Lair:1   | Noticed a cane toad
  9421 | Lair:1   | Killed a cane toad
  9661 | Lair:1   | Noticed a boulder beetle
  9781 | D:8      | Killed a boulder beetle
  9920 | D:8      | Reached skill level 5 in Hexes
  9920 | D:8      | Reached skill level 5 in Summonings
  9920 | D:8      | Reached skill level 5 in Necromancy
  9920 | D:8      | Reached skill level 5 in Translocations
  9920 | D:8      | Reached skill level 5 in Ice Magic
  9920 | D:8      | Reached skill level 5 in Air Magic
  9920 | D:8      | Reached skill level 5 in Earth Magic
  9920 | D:8      | Reached skill level 5 in Alchemy
  9920 | D:8      | Reached XP level 11. HP: 76/83 MP: 20/23
 10027 | Lair:1   | Reached skill level 8 in Spellcasting
 10221 | Lair:1   | Noticed a catoblepas
 10278 | D:8      | Killed a catoblepas
 10420 | D:8      | Reached * piety under Ashenzari
 10791 | D:5      | Bought a Young Poisoner's Handbook for 280 gold pieces
 10796 | D:5      | Learned a level 4 spell: Olgreb's Toxic Radiance
 11734 | Lair:2   | Reached ** piety under Ashenzari
 11868 | Lair:2   | Reached XP level 12. HP: 94/94 MP: 17/26
 12381 | Lair:2   | Noticed a four-headed hydra
 12424 | Lair:2   | Killed a four-headed hydra
 12464 | Lair:2   | Reached skill level 9 in Spellcasting
 12767 | Lair:2   | Identified the ring of Ascent {rPois rC+ rN++ Str-5 Stlth+}
 12990 | Lair:2   | Found a staircase to the Swamp.
 13865 | Lair:3   | Found a staircase to the Snake Pit.
 14091 | Lair:3   | Noticed a catoblepas
 14108 | Lair:3   | Killed a catoblepas
 14833 | Lair:4   | Noticed a four-headed hydra
 14837 | Lair:4   | Noticed a skyshark
 14851 | Lair:4   | Killed a skyshark
 14852 | Lair:4   | Reached XP level 13. HP: 45/103 MP: 12/28
 14945 | Lair:4   | Noticed Sonja
 14992 | Lair:4   | Killed Sonja
 15249 | Lair:4   | Found a frozen archway.
 15258 | IceCv    | Entered an ice cave
 15910 | IceCv    | Reached skill level 10 in Spellcasting
 16588 | IceCv    | Noticed a reaper
 16803 | IceCv    | Killed a reaper
 17378 | Lair:4   | Reached skill level 10 in Dodging
 17520 | Lair:4   | Found a viscous altar of Jiyva.
 17521 | Lair:4   | Found a staircase to the Slime Pits.
 17765 | Lair:4   | Learned a level 5 spell: Fireball
 17920 | Lair:4   | Reached *** piety under Ashenzari
 17922 | Lair:5   | Entered Level 5 of the Lair of Beasts
 17928 | Lair:5   | Reached skill level 10 in Stealth
 18088 | Lair:5   | Reached XP level 14. HP: 113/113 MP: 17/30
 18095 | Lair:5   | Reached skill level 10 in Invocations
 18687 | Lair:5   | Noticed a dire elephant
 18687 | Lair:5   | Noticed a dire elephant
 18687 | Lair:5   | Noticed a dire elephant
 18687 | Lair:5   | Noticed a dire elephant
 19203 | Lair:5   | Killed a dire elephant
 19389 | Lair:5   | Noticed a dire elephant
 19418 | Lair:5   | Killed a dire elephant
 20782 | Lair:5   | HP: 3/114 [dire elephant (22)]
 20783 | Lair:5   | Killed a dire elephant
 20900 | Lair:5   | Killed a dire elephant
 21094 | Lair:5   | Reached skill level 11 in Spellcasting
 21208 | Lair:5   | Killed a dire elephant
 21803 | Lair:5   | Learned a level 5 spell: Yara's Violent Unravelling
 22187 | D:9      | Found a flagged portal.
 22201 | D:9      | Reached **** piety under Ashenzari
 22204 | Bailey   | Entered a bailey
 22256 | Bailey   | Noticed an orc warlord
 22348 | Bailey   | Found a runed translucent gate.
 22351 | Bailey   | Found a runed translucent gate.
 22352 | Bailey   | Found a runed translucent gate.
 22501 | Bailey   | Killed an orc warlord
 22658 | Bailey   | Reached skill level 10 in Fighting
 22658 | Bailey   | Reached skill level 10 in Short Blades
 22658 | Bailey   | Reached skill level 10 in Long Blades
 22658 | Bailey   | Reached skill level 10 in Axes
 22658 | Bailey   | Reached skill level 10 in Maces & Flails
 22658 | Bailey   | Reached skill level 10 in Polearms
 22658 | Bailey   | Reached skill level 10 in Staves
 22658 | Bailey   | Reached skill level 10 in Ranged Weapons
 22658 | Bailey   | Reached skill level 10 in Throwing
 22658 | Bailey   | Reached skill level 10 in Armour
 22658 | Bailey   | Reached skill level 10 in Shields
 22658 | Bailey   | Reached skill level 10 in Unarmed Combat
 22658 | Bailey   | Reached skill level 10 in Fire Magic
 22658 | Bailey   | Reached skill level 10 in Evocations
 22658 | Bailey   | Reached XP level 15. HP: 122/122 MP: 32/32
 22732 | D:9      | Found an ornate altar of the Wu Jian Council.
 22761 | D:9      | Found a hide-covered altar of Uskayaw.
 22900 | D:9      | Found Jaamn's Changing Room.
 23158 | D:9      | Found a staircase to the Orcish Mines.
 23557 | Orc:1    | Entered Level 1 of the Orcish Mines
 23558 | Orc:1    | Noticed Harold
 23566 | Orc:1    | Killed Harold
 23730 | Orc:1    | Found Gydghyli's Antique Armour Emporium.
 23755 | Orc:1    | Found Giuteusm's Weapon Boutique.
 24059 | Orc:2    | Entered Level 2 of the Orcish Mines
 24079 | Orc:2    | Found Plog's Weapon Shoppe.
 24148 | Orc:2    | Found a staircase to the Elven Halls.
 24343 | Orc:2    | Found a roughly hewn altar of Beogh.
 24621 | Orc:2    | Reached XP level 16. HP: 130/130 MP: 1/34
 25163 | Orc:2    | Found Mausu's Weapon Boutique.
 25163 | Orc:2    | Found Tavadghi's Book Shop.
 25164 | Orc:2    | Found Eqoajipt's Antique Weapon Shop.
 25168 | Orc:2    | Found Hyonoxt's General Store.
 25319 | Orc:2    | Bought the +5 falchion of Faosooth {freeze, rF+ rC+ Will+
                  | Dex+3} for 886 gold pieces
 25819 | Swamp:1  | Entered Level 1 of the Swamp
 27192 | Swamp:1  | Noticed Louise
 27201 | Swamp:1  | Killed Louise
 28057 | Swamp:2  | Reached skill level 10 in Shapeshifting
 28164 | Swamp:2  | Learned a level 4 spell: Iskenderun's Mystic Blast
 28384 | Swamp:2  | Reached skill level 12 in Spellcasting
 29661 | Swamp:4  | Entered Level 4 of the Swamp
 31131 | Swamp:4  | Reached XP level 17. HP: 109/138 MP: 27/35
 31145 | Swamp:4  | Noticed Mara
 31152 | Swamp:4  | Noticed SuperProcrastinator's illusion
 31321 | Swamp:4  | Noticed SuperProcrastinator's illusion
 31672 | Swamp:4  | Identified the ring "Huebag" {rF+ Will+ EV+5}
 32117 | Swamp:4  | Reached skill level 10 in Conjurations
 32652 | Swamp:4  | Got a decaying rune of Zot
 32917 | Snake:1  | Entered Level 1 of the Snake Pit
 33698 | Snake:1  | Reached skill level 10 in Hexes
 33698 | Snake:1  | Reached skill level 10 in Summonings
 33698 | Snake:1  | Reached skill level 10 in Necromancy
 33698 | Snake:1  | Reached skill level 10 in Translocations
 33698 | Snake:1  | Reached skill level 10 in Ice Magic
 33698 | Snake:1  | Reached skill level 10 in Air Magic
 33698 | Snake:1  | Reached skill level 10 in Earth Magic
 33698 | Snake:1  | Reached skill level 10 in Alchemy
 34302 | D:5      | Bought a helmet for 112 gold pieces
 34314 | D:5      | Reached ***** piety under Ashenzari
 35898 | Snake:2  | Reached skill level 13 in Spellcasting
 35954 | Snake:2  | Identified the serpent talisman of Context {Fly Int+4}
 35954 | Snake:2  | Noticed Aizul
 36102 | Snake:2  | Found Qeghejoe's General Store.
 36109 | Snake:2  | Killed Aizul
 36377 | Snake:2  | Reached XP level 18. HP: 151/151 MP: 23/39
 38701 | Snake:4  | Entered Level 4 of the Snake Pit
 38923 | Snake:4  | Found Sagol's Armour Shoppe.
 38962 | Snake:4  | Found Hasiri's Antique Armour Shoppe.
 39383 | Snake:4  | Noticed Asterion
 39411 | Snake:4  | Killed Asterion
 40224 | Snake:4  | Noticed Vashnia
 40251 | Snake:4  | Killed Vashnia
 41167 | Snake:4  | Got a serpentine rune of Zot
 41588 | Snake:4  | Learned a level 6 spell: Plasma Beam
 41765 | D:10     | Entered Level 10 of the Dungeon
 41770 | D:10     | Reached XP level 19. HP: 161/161 MP: 40/40
 41807 | D:10     | Found a white marble altar of Elyvilon.
 41848 | D:10     | Noticed Joseph
 41858 | D:10     | Killed Joseph
 41969 | D:10     | Found a basalt altar of Yredelemnul.
 43840 | D:12     | Found a runed translucent door.
 44203 | D:13     | Noticed Rupert
 44397 | D:13     | Noticed Urug
 44397 | D:13     | Found a gate to the Vaults.
 44401 | D:13     | Reached skill level 14 in Spellcasting
 44406 | D:13     | Killed Urug
 44529 | D:13     | Killed Rupert
 46056 | D:14     | Identified the staff of the Inferno {rCorr Str+3 Int-4 SInv
                  | Conj}
 46060 | D:14     | Reached ****** piety under Ashenzari
 46265 | D:14     | Noticed Nessos
 46268 | D:14     | Killed Nessos
 47142 | D:14     | Found a runed translucent gate.
 47142 | D:14     | Found a runed translucent gate.
 47142 | D:14     | Found a runed translucent gate.
 47152 | D:14     | Identified Cahak's Vademecum on Frigid Geometries
 47513 | D:14     | Found a runed translucent gate.
 47513 | D:14     | Found a runed translucent gate.
 47513 | D:14     | Found a runed translucent gate.
 47783 | D:15     | Entered Level 15 of the Dungeon
 48011 | D:15     | Found a staircase to the Depths.
 48056 | D:15     | Noticed Roxanne
 49105 | Orc:2    | Bought a book of Spontaneous Combustion for 380 gold pieces
 49107 | Orc:2    | Bought a manual of Shields for 800 gold pieces
 49146 | Elf:1    | Entered Level 1 of the Elven Halls
 49155 | Elf:1    | Reached skill level 15 in Spellcasting
 49159 | Elf:1    | Reached XP level 20. HP: 130/172 MP: 25/43
 49296 | Orc:2    | Learned a level 8 spell: Ignition
 49566 | Elf:1    | Learned a level 8 spell: Maxwell's Capacitive Coupling
 50008 | Elf:1    | Found Kycvos's Magic Scroll Shop.
 50012 | Elf:1    | Bought a scroll of blinking for 135 gold pieces
 50026 | Elf:1    | Reached skill level 15 in Invocations
 51172 | Elf:2    | Identified the +5 spear of Zoserurch {freeze, Will+}
 51185 | Elf:2    | Found a flickering gateway to a bazaar.
 51194 | Bazaar   | Entered a bazaar
 51202 | Bazaar   | Found Ixaq's Book Emporium.
 51202 | Bazaar   | Found Ynwu's Jewellery Shoppe.
 51502 | Elf:2    | Found a shimmering altar of Xom.
 51860 | Elf:2    | Found a runed translucent gate.
 51860 | Elf:2    | Found a runed translucent gate.
 51860 | Elf:2    | Found a runed translucent gate.
 52616 | Elf:2    | Noticed Jorgrun
 52622 | Elf:2    | Killed Jorgrun
 53287 | Elf:3    | Entered Level 3 of the Elven Halls
 53317 | Elf:3    | Reached skill level 16 in Spellcasting
 53641 | Elf:3    | Reached skill level 15 in Dodging
 53643 | Elf:3    | Reached skill level 15 in Shields
 53644 | Elf:3    | Reached XP level 21. HP: 124/180 MP: 19/45
 53646 | Elf:3    | Reached skill level 15 in Stealth
 54164 | Elf:3    | Identified the +5 lajatang "Vaemmeh" {venom, ^Fragile
                  | +Blink rF- rN++}
 54759 | Elf:3    | Identified the +1 chain mail of Afaugy {rC+ Will+}
 54759 | Elf:3    | Identified a scroll of acquirement
 54760 | Elf:3    | Identified the +0 chain mail "Zipel" {rF- rN+ Str+5}
 54761 | Elf:3    | Identified the +4 halberd of Roedwol {pain, Int+3}
 54772 | Elf:3    | Acquired the +2 cloak "Hiesioc" {Fly Int+6}
 54784 | Elf:3    | Identified Sif Muna's Folio of the Crevasse and the Sphinx
 54823 | Elf:3    | Identified the +5 kite shield of Kyuxkarph {rN++ Dex-4}
 54823 | Elf:3    | Identified the +1 ring mail "Goheuq" {rC++ MP+9 Int-3}
 54824 | Elf:3    | Identified the +3 morningstar "Nalupluo" {freeze, rPois
                  | Int+3}
 54825 | Elf:3    | Identified the Encyclopedia of Petrous Beckoning
 55356 | Slime:1  | Entered Level 1 of the Pits of Slime
 55593 | Slime:2  | Paralysed by a formless jellyfish for 1 turns
 56619 | Slime:3  | Gained mutation: You are frail. (-10% HP) [a shining eye]
 56665 | Slime:2  | Reached skill level 17 in Spellcasting
 57388 | Slime:2  | Gained mutation: You are resistant to electric shocks.
                  | (rElec) [a shining eye]
 57389 | Slime:2  | Gained mutation: Your magical capacity is low. (-10% MP) [a
                  | shining eye]
 58364 | Slime:4  | Reached skill level 15 in Fighting
 58364 | Slime:4  | Reached skill level 15 in Short Blades
 58364 | Slime:4  | Reached skill level 15 in Long Blades
 58364 | Slime:4  | Reached skill level 15 in Axes
 58364 | Slime:4  | Reached skill level 15 in Maces & Flails
 58364 | Slime:4  | Reached skill level 15 in Polearms
 58364 | Slime:4  | Reached skill level 15 in Staves
 58364 | Slime:4  | Reached skill level 15 in Ranged Weapons
 58364 | Slime:4  | Reached skill level 15 in Throwing
 58364 | Slime:4  | Reached skill level 15 in Armour
 58364 | Slime:4  | Reached skill level 15 in Unarmed Combat
 58364 | Slime:4  | Reached skill level 15 in Evocations
 59100 | Slime:5  | Entered Level 5 of the Pits of Slime
 59100 | Slime:5  | Identified the amulet "Lete" {Faith rPois Int+6}
 59100 | Slime:5  | Identified the +8 chain mail of Carch {Str+6}
 59100 | Slime:5  | Identified the ring "Achyoz" {rF+ rN+ Int+3}
 59100 | Slime:5  | Found the +1 eveningstar "Brilliance" {foul flame, Umbra}
 59434 | Slime:5  | Reached XP level 22. HP: 167/167 MP: 38/42
 59713 | Slime:5  | Identified the +1 robe of Cowardice {+Blink +Inv rF+}
 59714 | Slime:5  | Identified the +2 mace of the Forging Ancients {heavy,
                  | ^Fragile rElec Will+ Str+3}
 59748 | Slime:5  | Noticed the Royal Jelly
 59896 | Slime:5  | Found a viscous altar of Jiyva.
 60703 | Slime:5  | Killed the Royal Jelly
 60849 | Slime:5  | Lost mutation: Your magical capacity is low. (-10% MP)
                  | [potion of mutation]
 60849 | Slime:5  | Lost mutation: You are frail. (-10% HP) [potion of
                  | mutation]
 60849 | Slime:5  | Lost mutation: You are resistant to electric shocks.
                  | (rElec) [potion of mutation]
 60849 | Slime:5  | Gained mutation: You are agile. (Dex +4, Str/Int -1)
                  | [potion of mutation]
 60933 | Slime:5  | Acquired the Folio of Tropical Combat Magic
 60999 | Slime:5  | Got a slimy rune of Zot
 61020 | Slime:5  | Learned a level 7 spell: Spellforged Servitor
 61028 | Slime:5  | Learned a level 6 spell: Bombard
 61275 | Vaults:1 | Entered Level 1 of the Vaults
 61930 | Vaults:1 | Identified the +5 hand axe of Infinite Pain {spect, rCorr
                  | Dex+3}
 62631 | Vaults:1 | Noticed Zenata
 62633 | Vaults:1 | Reached skill level 18 in Spellcasting
 62638 | Vaults:1 | Killed Zenata
 64954 | Vaults:2 | Identified the +4 dagger "Susky" {antimagic, rPois rF-
                  | Int+6 SInv}
 65462 | Vaults:3 | Reached XP level 23. HP: 183/194 MP: 33/48
 65489 | Vaults:3 | Found Ogech's Antique Armour Shoppe.
 65514 | Vaults:3 | Found a crumbling gateway.
 65519 | Desolati | Entered the Desolation of Salt
 65648 | Desolati | Identified the ring of Xom's Flight of Fancy {rC+ Will-
                  | AC+4 Dex-2 Slay+5}
 65998 | Desolati | Identified the +5 quarterstaff of Superiority {freeze,
                  | ^Fragile rF++ Dex+2}
 66185 | Desolati | Identified the Meditations on Vivid Company
 66188 | Desolati | Identified the +0 leather armour "Zicaodur" {rN+ Regen+}
 66635 | Desolati | Identified Mysticism, Volume Six
 66643 | Desolati | Reached skill level 19 in Spellcasting
 66696 | Desolati | Identified the +4 broad axe "Nedeota" {distort, *Corrode
                  | rF++}
 66897 | Desolati | Identified the +6 halberd "Goblin's Death Toll" {venom,
                  | Int+5 SInv}
 67164 | Desolati | Identified the +7 plate armour of Grace {rC+ rN+}
 67167 | Desolati | Found the +7 Spriggan's Knife {stab, EV+4 Stlth+}
 67173 | Desolati | Identified the +7 scimitar of Geomyc {protect, *Corrode
                  | rN+++ Will++ MP+9}
 68192 | Vaults:3 | Reached skill level 15 in Shapeshifting
 68650 | Vaults:3 | Found a staircase to the Crypt.
 69546 | Vaults:4 | Found a magical portal.
 69551 | WizLab   | Entered Lehudib's Moon Base
 69704 | WizLab   | Found a transporter.
 69705 | WizLab   | Identified the +0 pair of boots of Fortitude {+Inv}
 69705 | WizLab   | Identified the +11 war axe "Otatap" {freeze, Fly rCorr
                  | SInv}
 69856 | WizLab   | Reached XP level 24. HP: 186/203 MP: 31/49
 70061 | WizLab   | Identified Lehudib's Teachings on Spelunking and Litharge
 70116 | WizLab   | Reached skill level 15 in Fire Magic
 70629 | WizLab   | Paralysed by accursed screaming for 1 turns
 70954 | WizLab   | Found a transporter.
 71106 | WizLab   | Found the +2 pair of slick slippers {slick, slippery, EV+4}
 71923 | Vaults:4 | Reached skill level 20 in Spellcasting
 72524 | Vaults:4 | Identified the +7 tower shield "Keubbau" {rC+}
 72727 | Vaults:4 | Found Tivezycowki's Jewellery Shoppe.
 73389 | Vaults:5 | Entered Level 5 of the Vaults
 73392 | Vaults:5 | Noticed a dread lich
 73536 | Vaults:5 | Noticed Saint Roka
 73537 | Vaults:5 | Noticed a dread lich
 73542 | Vaults:5 | Killed a dread lich
 73543 | Vaults:5 | Noticed Jory
 73666 | Vaults:4 | Killed a dread lich
 73689 | Vaults:5 | Noticed a dread lich
 73915 | Vaults:5 | Identified the ring of Odwuis {Int+3 SInv}
 73922 | Vaults:5 | Identified the +0 troll leather armour "Samef" {rN++
                  | Regen+}
 73979 | Vaults:5 | Identified the amulet "Tyzaudgh" {^Contam RegenMP+ rCorr
                  | Dex+5 Stlth+}
 73983 | Vaults:5 | Reached XP level 25. HP: 196/197 MP: 43/50
 74085 | Vaults:5 | Acquired 694 gold pieces
 74146 | Vaults:5 | Identified the ring of the Mutiny {rC+ MP+9}
 74561 | Vaults:5 | Identified the +1 dire flail "Barhemeo" {antimagic, rPois
                  | Int+3}
 74836 | Vaults:5 | Killed Saint Roka
 75171 | Vaults:5 | Reached skill level 21 in Spellcasting
 75295 | Vaults:5 | Identified the amulet "Yngixiw" {Faith Dex+3 Slay+3}
 75309 | Vaults:5 | Killed a dread lich
 75329 | Vaults:5 | Identified the ring of Trepidation {Fly rF- MP+9 Dex+6
                  | Stlth+}
 75555 | Vaults:5 | Got a silver rune of Zot
 75575 | Vaults:5 | Reached skill level 15 in Conjurations
 75614 | Vaults:5 | Killed Jory
 76636 | D:5      | Bought a fading flail for 127 gold pieces
 76636 | D:5      | Identified the +2 flail of Division {flame, Will- Str+3
                  | Dex+9} (You bought it in a shop on level 5 of the Dungeon)
 76636 | D:5      | Bought a scorched sling for 97 gold pieces
 76636 | D:5      | Identified the +8 sling "Gieg" {heavy, +Blink} (You bought
                  | it in a shop on level 5 of the Dungeon)
 76636 | D:5      | Bought a jewelled mace for 120 gold pieces
 76636 | D:5      | Identified the +3 mace of Dullness {drain, rPois rF++ Dex+3
                  | Stlth-} (You bought it in a shop on level 5 of the Dungeon)
 76821 | Snake:4  | Bought a spiked robe for 193 gold pieces
 76821 | Snake:4  | Identified the +1 robe "Mushixoa" {rN+ Dex+2} (You bought
                  | it in a shop on level 4 of the Snake Pit)
 77562 | Depths:1 | Entered Level 1 of the Depths
 78469 | Depths:1 | Found a glowing golden altar of the Shining One.
 78551 | Depths:1 | Reached skill level 15 in Hexes
 78551 | Depths:1 | Reached skill level 15 in Summonings
 78551 | Depths:1 | Reached skill level 15 in Necromancy
 78551 | Depths:1 | Reached skill level 15 in Translocations
 78551 | Depths:1 | Reached skill level 15 in Ice Magic
 78551 | Depths:1 | Reached skill level 15 in Air Magic
 78551 | Depths:1 | Reached skill level 15 in Earth Magic
 78551 | Depths:1 | Reached skill level 15 in Alchemy
 78551 | Depths:1 | Reached XP level 26. HP: 220/220 MP: 51/51
 78557 | Depths:1 | Found a one-way gate to the infinite horrors of the Abyss.
 79274 | Depths:1 | Found a gateway to Hell.
 79330 | Depths:1 | Learned a level 9 spell: Shatter
 79444 | Depths:2 | Noticed Grunn
 79450 | Depths:2 | Killed Grunn
 80380 | Depths:2 | Reached XP level 27. HP: 231/231 MP: 24/52
 80776 | Depths:2 | Reached skill level 22 in Spellcasting
 81523 | Depths:2 | Found a one-way gate leading to the halls of Pandemonium.
 81538 | Depths:2 | Identified the +2 leather armour of Ashenzari's Favour
                  | {rElec Int-2 Stlth+}
 81596 | Depths:2 | Found a sparkling altar of Nemelex Xobeh.
 81619 | Depths:2 | Learned a level 9 spell: Fire Storm
 81894 | Depths:3 | Noticed a juggernaut
 81898 | Depths:3 | Killed a juggernaut
 82523 | Depths:3 | Identified the ring of the Harvest {*Slow Fly MP+9 Int+2
                  | SInv}
 82815 | Depths:3 | Noticed a juggernaut
 82827 | Depths:3 | Killed a juggernaut
 83193 | Depths:3 | Found a shadowy altar of Dithmenos.
 83574 | Depths:3 | Identified the Teachings on the Destined Dragon
 83846 | Depths:4 | Entered Level 4 of the Depths
 84484 | Depths:4 | Found a gate to the Realm of Zot.
 84675 | Depths:4 | Found a one-way gateway to a ziggurat.
 85549 | Depths:4 | Found Gyliocum's Jewellery Boutique.
 85550 | Depths:4 | Found Cojoadghu's Book Emporium.
 85550 | Depths:4 | Found Kojeul's Book Emporium.
 85556 | Depths:4 | Bought a manual of Armour for 1280 gold pieces
 85879 | Zot:1    | Entered Level 1 of the Realm of Zot
 86242 | Zot:1    | Reached skill level 23 in Spellcasting
 86618 | Zot:1    | Noticed Vv
 86625 | Zot:1    | Killed Vv
 86857 | Zot:1    | Identified the orb of Ladeinum {*Rage, +Inv}
 88264 | Zot:2    | Found a snail-covered altar of Cheibriados.
 89832 | Zot:3    | Noticed an orb of fire
 89833 | Zot:3    | Gained mutation: Your magical capacity is low. (-10% MP)
                  | [an orb of fire]
 89835 | Zot:3    | Gained mutation: You are strong-willed. (Will+) [an orb of
                  | fire]
 89837 | Zot:3    | Killed an orb of fire
 90239 | Zot:3    | Acquired 1033 gold pieces
 90386 | Zot:3    | Found a runed translucent gate.
 90386 | Zot:3    | Found a runed translucent gate.
 90386 | Zot:3    | Found a runed translucent gate.
 90386 | Zot:3    | Found an ancient bone altar of Kikubaaqudgha.
 90386 | Zot:3    | Noticed an ancient lich
 90386 | Zot:3    | Noticed Zistueme's ghost (veteran MiBe)
 90386 | Zot:3    | Noticed Qunuun's ghost (legendary DsFi)
 90386 | Zot:3    | Noticed Haqulin's ghost (master GnRe)
 90386 | Zot:3    | Identified the ring of Voremunius {rF+ rN+ Int+2 Slay+2}
 90386 | Zot:3    | Identified the +0 cloak of Daduoty {rC+ Will+ SInv Stlth-}
 90386 | Zot:3    | Noticed a dread lich
 90616 | Zot:3    | Killed Zistueme's ghost
 90641 | Zot:3    | Killed Haqulin's ghost
 90661 | Zot:3    | Killed a dread lich
 90720 | Zot:3    | Killed Qunuun's ghost
 90755 | Zot:3    | Killed an ancient lich
 92148 | Zot:4    | Reached skill level 24 in Spellcasting
 92666 | Zot:4    | Identified the +7 dagger of Soft True Grit {protect, +Blink
                  | rCorr Dex+6}
 93219 | Zot:5    | Entered Level 5 of the Realm of Zot
 94127 | Zot:5    | Noticed an orb of fire
 94128 | Zot:5    | Lost mutation: You are agile. (Dex +4, Str/Int -1) [an orb
                  | of fire]
 94132 | Zot:5    | Noticed an orb of fire
 94132 | Zot:5    | Gained mutation: You are clumsy. (Dex -2) [an orb of fire]
 94134 | Zot:5    | Gained mutation: Armour fits poorly on your strangely
                  | shaped body. [an orb of fire]
 94135 | Zot:5    | Killed an orb of fire
 94137 | Zot:5    | Gained mutation: You are dopey. (Int -2) [an orb of fire]
 94139 | Zot:5    | Killed an orb of fire
 94306 | Zot:5    | Noticed an orb of fire
 94314 | Zot:5    | Noticed an ancient lich
 94314 | Zot:5    | Noticed an orb of fire
 94323 | Zot:5    | Killed an orb of fire
 94363 | Zot:5    | Killed an orb of fire
 94394 | Zot:5    | Lost mutation: Your magical capacity is low. (-10% MP)
                  | [potion of mutation]
 94394 | Zot:5    | Lost mutation: You are clumsy. (Dex -2) [potion of
                  | mutation]
 94394 | Zot:5    | Lost mutation: You are strong-willed. (Will+) [potion of
                  | mutation]
 94394 | Zot:5    | Gained mutation: You sometimes lose your temper in combat.
                  | [potion of mutation]
 94394 | Zot:5    | Gained mutation: You are partially covered in iridescent
                  | scales. (AC +2) [potion of mutation]
 94394 | Zot:5    | Gained mutation: Your movements are slightly less
                  | encumbered by armour. (ER -2) [potion of mutation]
 94394 | Zot:5    | Gained mutation: You are mostly covered in iridescent
                  | scales. (AC +4) [potion of mutation]
 94395 | Zot:5    | Lost mutation: Armour fits poorly on your strangely shaped
                  | body. [potion of mutation]
 94395 | Zot:5    | Lost mutation: Your movements are slightly less encumbered
                  | by armour. (ER -2) [potion of mutation]
 94395 | Zot:5    | Gained mutation: Your skin changes colour to match your
                  | surroundings (Stealth+). [potion of mutation]
 94395 | Zot:5    | Lost mutation: You sometimes lose your temper in combat.
                  | [potion of mutation]
 94395 | Zot:5    | Gained mutation: You are agile. (Dex +4, Str/Int -1)
                  | [potion of mutation]
 94473 | Zot:5    | Noticed an orb of fire
 94474 | Zot:5    | Killed an ancient lich
 94476 | Zot:5    | Noticed an orb of fire
 94478 | Zot:5    | Killed an orb of fire
 94482 | Zot:5    | Killed an orb of fire
 94488 | Zot:5    | Noticed an orb of fire
 94493 | Zot:5    | Killed an orb of fire
 94638 | Zot:5    | Noticed an orb of fire
 94641 | Zot:5    | Gained mutation: You are very dopey. (Int -4) [an orb of
                  | fire]
 94643 | Zot:5    | Killed an orb of fire
 94693 | Zot:5    | Noticed an ancient lich
 94698 | Zot:5    | Killed an ancient lich
 95484 | Zot:5    | Noticed an ancient lich
 95489 | Zot:5    | Killed an ancient lich
 95794 | Zot:5    | Reached skill level 25 in Spellcasting
 96940 | Zot:5    | Got the Orb of Zot
 97463 | D:10     | Noticed Fosa Wav the pandemonium lord
 97503 | D:7      | Noticed Jiwnoiz the pandemonium lord
 97516 | D:7      | Killed Jiwnoiz the pandemonium lord
 97688 | D:$      | Escaped with the Orb!

Illustrated notes

Levels and vault maps discovered:
D:1:      saegor_arrival_miasma, layout_basic, minmay_strange_pillars,
          st_stairs_4, minmay_indecisive_spiral
D:2:      layout_loops_cross, serial_aquarium, aquarium_bridge_island_small
          [aquarium_subvault_small_open, aquarium_subvault_window,
          aquarium_subvault_wall, aquarium_subvault_bridge,
          aquarium_subvault_wall], aquarium_bridge_square
          [aquarium_subvault_bridge, aquarium_subvault_bridge,
          aquarium_subvault_bridge, aquarium_subvault_wall],
          aquarium_window_fake, aquarium_window_1, aquarium_window_corridor_3,
          aquarium_window_fake, aquarium_view_2a, aquarium_pool_2,
          shapermc_ecumenical_altar_venn
D:3:      kb_forest_paths, layout_rooms, marbit_many_paths,
          palyth_stone_intersect
D:4:      layout_basic, minmay_temple_entry_junction, uniq_duvessa, uniq_pikel
D:5:      layout_rooms, mainiacjoe_overflow_surrounded_room,
          nicolae_hepliaklqana_hazy_memory, serial_shops, shop,
          nicolae_shop_window_shopping, nicolae_shop_crystal, shop,
          nicolae_shop_drivethru
D:6:      layout_basic, serial_shops, nicolae_shop_trees,
          hangedman_decor_riveting, chequers_decorated_corner
D:7:      layout_loops_cross, nicolae_gozag_cash_rules_everything_around_me,
          nicolae_vehumet_radiance, chequers_big_river, uniq_crazy_yiuf_cottage
D:8:      layout_cave_pools, hellmonk_lair_entry_icy, roderic_serpentine_path,
          minmay_misc_feat_diagonals
D:9:      layout_basic, mainiacjoe_overflow_cross_hatched, kennysheep_mini,
          david_orc_1_choice, enter_bailey_2, nicolae_transmutations_shop
D:10:     layout_cave_pods, yredelemnul_altar_generic,
          mainiacjoe_overflow_small_starburst, mrwooster_statue_mirror,
          uniq_joseph
D:11:     layout_small_grid
D:12:     layout_roguey [special_room_orc], minivault_13
D:13:     layout_long_grid, david_vaults_3, serial_demonic, serial_demonic_f,
          serial_demonic_b, serial_demonic_d, serial_demonic_b,
          serial_demonic_a, serial_demonic_a, serial_demonic_e,
          serial_demonic_a, serial_demonic_d, serial_demonic_b, uniq_rupert
D:14:     kennysheep_treasure_stockpile, layout_irregular_city,
          serial_library_hellmonk_filled_rooms, uniq_nessos
D:15:     grunt_enter_depths_magical_seal, layout_gridville, nicolae_wwwww,
          uniq_roxanne
Temple:   nicolae_temple_figure_eight
Lair:1:   layout_big_grid, chequers_serial_rivers_micro_d
Lair:2:   layout_chaotic_city, minmay_swamp_entry_worms,
          pdpol_lair_cavern_descent
Lair:3:   layout_cave_shapes, minmay_snake_entry_guardpost_medium,
          infiniplex_staircase_pool_2, grunt_megastairs_5
Lair:4:   layout_cave_shapes, minmay_slime_entry_pillars,
          portal_ice_cave_demonic_guard, dreamdust_wasp_nest, uniq_sonja
Lair:5:   due_jungle_book, layout_gridlike
Swamp:1:  layout_basic_swamp, evilmike_swamp_ruin_house_5, uniq_louise
Swamp:2:  layout_falls_marsh, nicolae_swamp_decorative_isthmus, swamp_pool_1_2,
          water_boxes_lemuel
Swamp:3:  layout_falls_marsh, evilmike_swamp_ruin_wall, swamp_pool_1_2
Swamp:4:  swamp_basic_johnstein, layout_basic_swamp, uniq_mara
Snake:1:  layout_basic, serial_bayou_lagoon_a
Snake:2:  layout_misc_corridors, serial_shops,
          nicolae_shop_tiny_real_fake_doors, uniq_aizul
Snake:3:  layout_cave_town, nicolae_snake_round_shape_thing
Snake:4:  johnstein_snake_rune_scales, layout_cave_town, serial_shops, shop,
          minmay_shop_star, uniq_asterion
Slime:1:  layout_caves
Slime:2:  layout_caves
Slime:3:  layout_caves
Slime:4:  layout_caves, nicolae_slime_rock_hall_of_fame
Slime:5:  slime_pit_nicolae_jellycorners
Orc:1:    layout_caves, serial_shops, shop, shop, shop, shop, uniq_harold
Orc:2:    st_orc_mages, layout_caves, serial_shops, shop, basic_altar,
          nicolae_orc_stalacmites
Elf:1:    elf_arrival_002, layout_geoelf_diagonals, serial_shops,
          nicolae_shop_tiny_statue_garden, hangedman_elven_crosses_minicolossus,
          lemuel_upstairs_altar
Elf:2:    nicolae_elf_blades_splatter_lattice
          [nicolae_blade_entry_hurt_lockers], layout_gridlike, basic_altar,
          serial_shops, bzr_in_the_mist, minmay_misc_feat_pillars,
          roderic_lattice_octagonal_star, uniq_jorgrun
Elf:3:    minmay_elf_hall_four_x, layout_rooms
Vaults:1: nicolae_vaults_shipping_containers_3, v_alt_pattern_1,
          nicolae_vaults_big_ls, vaults_mumra_minichess, ontoclasm_vaults_twist,
          nicolae_vaults_weapon_check, ontoclasm_vaults_loading_screen,
          v_rooms_3, vaults_mumra_lcd, ontoclasm_vaults_decontamination,
          vaults_dpeg_encased_lava, ontoclasm_vaults_claustrophobia,
          nicolae_vaults_cochlea, layout_vaults_omnicross, uniq_zenata
Vaults:2: nicolae_vaults_swerve, nicolae_vaults_storage_closets_1,
          vaults_room_fancy_cross, nicolae_vaults_prndl,
          nicolae_vaults_closet_pinwheel_1, nicolae_vaults_frosty_reception,
          v_misc_27, v_misc_22, nicolae_vaults_ellipses_ellipsis,
          nicolae_vaults_closet_pinwheel_6, nicolae_vaults_security_offices_6,
          v_misc_15, layout_vaults_omnibox
Vaults:3: portal_desolation_entry_nicolae_forbidding_blocks, v_misc_26,
          minmay_crypt_entry_simple_sparse, hangedman_vaults_slice,
          serial_library_regret_index_small_wings, st_lines, v_misc_30,
          nicolae_vaults_six-pack, layout_vaults_chaotic_city, serial_shops,
          nicolae_shop_tiny_real_fake_doors
Vaults:4: mu_enter_wizlab_2, hellmonk_guarded_unrand_gong, vaults_room_corners,
          v_rooms_5, nicolae_vaults_trapezoid_3,
          nicolae_vaults_trapezoid_layered, vaults_dpeg_spiral,
          nicolae_vaults_trapezoid_lopsided_3, v_misc_9, vaults_room_pools,
          nicolae_vaults_trapezoid_2, layout_vaults_ring, serial_shops,
          nicolae_shop_gaudy_bauble
Vaults:5: uniq_jory, uniq_saint_roka
Depths:1: layout_gridville, nicolae_abyss_entry_one_way_or_another,
          pf_hell_entry_tar_spiral, nicolae_benzene_ring,
          minmay_misc_feat_tower, tso_oasis_becter
Depths:2: nooodl_heptagram, layout_cave_pools, abyss_entry_small_statue_room,
          nemelex_spade_bored_becter, grunt_pan_entry_spiral, hell_entry,
          chequers_jeans, minivault_1, uniq_grunn
Depths:3: minmay_the_grid_octo_tiled_octocenter [minmay_the_grid_octo_focus,
          minmay_the_grid_octo_clover, minmay_the_grid_octo_checkerflower,
          minmay_the_grid_octo_77, minmay_the_grid_octo_prize_single_spiral,
          minmay_the_grid_square_5x5_fat_x,
          minmay_the_grid_square_5x5_three_walls,
          minmay_the_grid_square_5x5_inset, minmay_the_grid_square_5x5_lines],
          layout_basic, grunt_hell_entry_dis_mu, minmay_misc_feat_iff,
          minmay_room_of_horrors, grunt_dithmenos_smoke
Depths:4: evilmike_zot_entry_basic, layout_gridlike, enter_ziggurat_c,
          hell_entry, hangedman_abyss_entry_splay,
          chequers_serial_rivers_micro_d, minmay_shop_grove
Zot:1:    evilmike_crystal_ball_defense, layout_twisted_circle, uniq_vv
Zot:2:    layout_cathedral_of_symmetry, regret_index_zotdec_serpentine_coiled
Zot:3:    layout_gridlike, gammafunk_ghost_crypt
Zot:4:    grunt_zot_stairs_mandelzot, layout_gridlike
Zot:5:    layout_concentric_octagons, grunt_ministairs_10

Skill      XL: |  1  2  3  4  5  6  7  8  9 10 11 12 13 14 15 16 17 18 19 20 21 22 23 24 25 26 27 |
---------------+----------------------------------------------------------------------------------+-----
Conjurations   | 2 3 4 5 6 7 8 9 10 11 12 13 14 15 17 | 17.3
Spellcasting   | 5 6 7 8 9 10 11 12 13 15 16 17 18 19 20 21 25 | 25.2
Invocations    | 1 2 3 4 5 6 7 8 9 11 12 13 14 15 16 17 18 19 21 | 21.8
Fighting       | 1 2 3 5 6 7 8 9 10 11 12 13 14 15 16 17 20 | 20.1
Short Blades   | 1 2 3 5 6 7 8 9 10 11 12 13 14 15 16 17 20 | 20.1
Long Blades    | 1 2 3 5 6 7 8 9 10 11 12 13 14 15 16 17 20 | 20.1
Axes           | 1 2 3 5 6 7 8 9 10 11 12 13 14 15 16 17 20 | 20.1
Maces & Flails | 1 2 3 5 6 7 8 9 10 11 12 13 14 15 16 17 20 | 20.1
Polearms       | 1 2 3 5 6 7 8 9 10 11 12 13 14 15 16 17 20 | 20.1
Staves         | 1 2 3 5 6 7 8 9 10 11 12 13 14 15 16 17 20 | 20.1
Ranged Weapons | 1 2 3 5 6 7 8 9 10 11 12 13 14 15 16 17 20 | 20.1
Throwing       | 1 2 3 5 6 7 8 9 10 11 12 13 14 15 16 17 20 | 20.1
Armour         | 1 2 3 5 6 7 8 9 10 11 12 13 14 15 16 17 21 | 21.6
Shields        | 1 2 3 5 6 7 8 9 10 11 12 13 15 16 17 18 19 20 21 24 | 24.6
Unarmed Combat | 1 2 3 5 6 7 8 9 10 11 12 13 14 15 16 17 20 | 20.1
Evocations     | 1 2 3 5 6 7 8 9 10 11 12 13 14 15 16 17 20 | 20.1
Shapeshifting  | 1 2 3 4 5 6 7 8 9 10 11 12 13 14 15 16 18 | 18.6
Hexes          | 1 2 3 4 5 6 7 8 9 10 11 12 13 14 15 17 | 17.2
Summonings     | 1 2 3 4 5 6 7 8 9 10 11 12 13 14 15 17 | 17.2
Necromancy     | 1 2 3 4 5 6 7 8 9 10 11 12 13 14 15 18 | 18.1
Translocations | 1 2 3 4 5 6 7 8 9 10 11 12 13 14 15 17 | 17.2
Ice Magic      | 1 2 3 4 5 6 7 8 9 10 11 12 13 14 15 17 | 17.2
Air Magic      | 1 2 3 4 5 6 7 8 9 10 11 12 13 14 15 17 | 17.2
Earth Magic    | 1 2 3 4 5 6 7 8 9 10 11 12 13 14 15 17 | 17.2
Alchemy        | 1 2 3 4 5 6 7 8 9 10 11 12 13 14 15 17 | 17.2
Dodging        | 5 6 7 8 9 10 11 12 13 14 15 16 17 18 20 | 20.6
Stealth        | 5 6 7 8 9 10 11 12 13 14 15 16 17 18 20 | 20.5
Fire Magic     | 6 7 8 9 10 11 12 13 14 15 16 18 | 18.0

Action                     |  1- 3 |  4- 6 |  7- 9 | 10-12 | 13-15 | 16-18 | 19-21 | 22-24 | 25-27 || total
---------------------------+-------+-------+-------+-------+-------+-------+-------+-------+-------++-------
  Melee: Dagger            |    29 |    82 |   240 |   224 |    50 |       |       |       |       ||   625
         Bite              |     1 |     9 |    43 |    35 |   115 |    89 |   128 |   216 |   144 ||   780
         Falchion          |       |       |       |       |   445 |   550 |   571 |   881 |   509 ||  2956
   Cast: Foxfire           |    34 |    11 |    12 |   119 |    38 |     2 |       |       |     3 ||   219
         Scorch            |    11 |    40 |    53 |   165 |   157 |       |       |       |     1 ||   427
         Vampiric Draining |       |       |    38 |    71 |    26 |       |       |       |       ||   135
         Tukima's Dance    |       |       |       |     6 |       |    78 |     6 |       |       ||    90
         Olgreb's Toxic Ra |       |       |       |    36 |    71 |   105 |    59 |     6 |     4 ||   281
         Fireball          |       |       |       |       |   128 |   400 |    69 |    46 |    12 ||   655
         Yara's Violent Un |       |       |       |       |       |    29 |     8 |    13 |     9 ||    59
         Iskenderun's Myst |       |       |       |       |       |    50 |   111 |    17 |     2 ||   180
         Plasma Beam       |       |       |       |       |       |       |   188 |   151 |   193 ||   532
         Maxwell's Capacit |       |       |       |       |       |       |    38 |     7 |   286 ||   331
         Ignition          |       |       |       |       |       |       |    46 |   100 |    44 ||   190
         Bombard           |       |       |       |       |       |       |       |   100 |   111 ||   211
         Spellforged Servi |       |       |       |       |       |       |       |     6 |       ||     6
         Shatter           |       |       |       |       |       |       |       |       |    27 ||    27
         Fire Storm        |       |       |       |       |       |       |       |       |    20 ||    20
 Invoke: Curse Item        |       |       |     1 |     2 |     3 |     3 |     2 |       |     2 ||    13
         Shatter the Chain |       |       |       |       |       |       |     1 |     1 |     1 ||     3
  Evoke: Wand              |       |     1 |     1 |     2 |    18 |    16 |    27 |     5 |    21 ||    91
         Gell's gravitambo |       |       |       |       |     2 |     2 |     1 |     1 |     3 ||     9
    Use: Scroll            |       |       |     8 |     1 |     5 |     5 |     4 |     7 |     9 ||    39
         Potion            |       |       |       |     2 |     4 |     3 |     1 |     7 |     8 ||    25
   Stab: Sleeping          |    13 |     4 |     8 |     4 |    12 |     1 |     9 |    11 |       ||    62
         Paralysed         |       |     2 |     1 |       |    12 |     7 |     4 |       |       ||    26
         Distracted        |       |       |       |       |     2 |     4 |     3 |     4 |       ||    13
 Armour: Robe              |    14 |    71 |   156 |   289 |   411 |   346 |   225 |   226 |    11 ||  1749
         Troll leather arm |       |       |       |       |       |       |       |       |   175 ||   175
  Dodge: Dodged            |    19 |    85 |   235 |   370 |   649 |   363 |   336 |   407 |   296 ||  2760
  Block: Tower shield      |       |       |       |       |       |   451 |   796 |  1095 |   823 ||  3165

Table legend: (Time is in decaauts)
 A = Elapsed time spent in this place.
 B = Non-inter-level travel time spent in this place.
 C = Inter-level travel time spent in this place.
 D = Time resting spent in this place.
 E = Time spent auto-exploring this place.
 F = Levels seen in this place.
 G = Mean time per level.
                   A        B        C        D        E       F      G
               +--------+--------+--------+--------+--------+-----+--------+
         Total |  97213 |  87171 |  10042 |  42963 |  29789 |  58 | 1676.1 |
       Dungeon |  19784 |  17099 |   2685 |   5780 |   8409 |  15 | 1318.9 |
        Temple |     71 |      2 |     69 |      0 |      0 |   1 |   71.0 |
          Lair |  10958 |   9086 |   1872 |   5343 |   2109 |   5 | 2191.6 |
         Swamp |   7014 |   6037 |    977 |   3957 |   1254 |   4 | 1753.5 |
     Snake Pit |   8295 |   7799 |    496 |   3884 |   2609 |   4 | 2073.8 |
    Slime Pits |   5714 |   5022 |    692 |   2944 |   1565 |   5 | 1142.8 |
  Orcish Mines |   2165 |   1768 |    397 |    530 |    844 |   2 | 1082.5 |
   Elven Halls |   5813 |   5311 |    502 |   2610 |   1870 |   3 | 1937.7 |
        Vaults |  11428 |  10388 |   1040 |   5032 |   3854 |   5 | 2285.6 |
        Depths |   8432 |   8162 |    270 |   3908 |   2988 |   4 | 2108.0 |
           Zot |  11002 |   9964 |   1038 |   5722 |   2890 |   5 | 2200.4 |
        Bazaar |     34 |     34 |      0 |      0 |      7 |   1 |   34.0 |
        Bailey |    477 |    477 |      0 |    180 |    158 |   1 |  477.0 |
      Ice Cave |   2070 |   2070 |      0 |   1011 |    301 |   1 | 2070.0 |
        Wizlab |   2060 |   2060 |      0 |   1046 |    570 |   1 | 2060.0 |
    Desolation |   1891 |   1891 |      0 |   1015 |    358 |   1 | 1891.0 |
               +--------+--------+--------+--------+--------+-----+--------+

Top non-repeatable levels by time:
  Lair:5: 3895 daAuts
   Zot:5: 3707 daAuts
 Snake:4: 2827 daAuts
 Swamp:4: 2758 daAuts
  Lair:2: 2571 daAuts
Vaults:5: 2566 daAuts
Vaults:2: 2525 daAuts
     D:7: 2351 daAuts
Vaults:4: 2336 daAuts
   Zot:4: 2242 daAuts
Vaults:3: 2229 daAuts
Depths:4: 2183 daAuts
Depths:3: 2178 daAuts
  Lair:3: 2123 daAuts
   Elf:2: 2112 daAuts
